 Dungeon Crawl Stone Soup version 0.29-a0-887-gcbe080d7e0 (webtiles) character file.

Game seed: 8636121566529640999

2426 IdlyInterested the Slasher (level 9, -6/71 HPs)
             Began as a Demonspawn Wanderer on July 21, 2022.
             Mangled by Maggie
             ... wielding a +0 glaive
              (15 damage)
             ... on level 6 of the Dungeon.
             The game lasted 00:19:49 (7539 turns).

IdlyInterested the Slasher (Demonspawn Wanderer)    Turns: 7539, Time: 00:19:49

Health: -6/71      AC: 10    Str: 13    XL:     9   Next: 24%
Magic:  9/9        EV:  7    Int: 11    God:
Gold:   330        SH:  0    Dex: 25    Spells: 8/8 levels left

rFire   + . .      SeeInvis .   g - +0 long sword
rCold   + . .      Faith    .   (no shield)
rNeg    . . .      Spirit   .   j - +0 chain mail
rPois   +          Reflect  .   (helmet restricted)
rElec   +          Harm     .   (no cloak)
rCorr   +          Rampage  .   m - +1 pair of gloves
Will    .....                   (no boots)
Stlth   ..........              (no amulet)
HPRegen 0.21/turn               l - ring of flight
MPRegen 0.11/turn               u - +6 ring of dexterity

@: resistant, flying, invisible
A: antennae 2, spiny 2, condensation shield
a: no special abilities


You were on level 6 of the Dungeon.
You visited 1 branch of the dungeon, and saw 6 of its levels.

You collected 330 gold pieces.

Inventory:

Hand Weapons
 g - a +0 long sword (weapon)
 o - a +2 short sword of draining
 r - a +1 falchion
 t - a +1 dagger of speed
 G - a +0 short sword of flaming
Missiles
 b - an atropa-tipped dart
 c - 2 datura-tipped darts
 w - 5 boomerangs (quivered)
 F - 4 poisoned darts
Armour
 h - a +1 robe of resistance
 j - a +0 chain mail (worn)
 m - a +1 pair of gloves (worn)
 v - a +0 scale mail
 B - a +0 plate armour
Jewellery
 l - a ring of flight (left hand)
 q - a ring of fire
 u - a +6 ring of dexterity (right hand)
 D - a ring of fire
Wands
 f - a wand of mindburst (15)
 E - a wand of digging (4)
Scrolls
 e - a scroll of fog
 p - a scroll of amnesia
 s - 2 scrolls of enchant weapon
 y - 2 scrolls of teleportation
Potions
 a - 2 potions of degeneration {unknown}
 i - a potion of attraction
 k - 3 potions of lignification
 n - 2 potions of resistance
 x - a potion of brilliance
 z - a potion of mutation {unknown}
 C - a potion of haste
 H - a potion of curing {unknown}
Miscellaneous
 d - a piece from Xom's chessboard (15/15)


   Skills:
 + Level 6.8 Fighting
 * Level 7.8 Long Blades
 - Level 1.0 Throwing
 - Level 1.0 Armour
 - Level 4.0 Dodging
 - Level 5.0 Stealth
 - Level 2.0 Shields
 - Level 3.3 Evocations


You had 8 spell levels left.
You didn't know any spells.
Your spell library contained the following spells:

 Spells                   Type           Power      Damage    Failure   Level
 Sandblast                Erth           0%         2d4       100%        1
 Slow                     Hex            0%         N/A       100%        1
 Passwall                 Tmut/Erth      0%         N/A       100%        2
 Confusing Touch          Hex            0%         N/A       100%        3
 Gell's Gravitas          Tloc           0%         N/A       100%        3
 Stone Arrow              Conj/Erth      0%         3d7       100%        3
 Teleport Other           Tloc           0%         N/A       100%        3
 Vampiric Draining        Necr           0%         2d6       100%        3
 Summon Lightning Spire   Summ/Air       0%         N/A       100%        4
 Dispersal                Tloc           0%         N/A       100%        6
 Storm Form               Tmut/Air       0%         N/A       100%        7
 Maxwell's Capacitive Co  Air            0%         ∞         100%        8


Dungeon Overview and Level Annotations

Branches:
Dungeon (6/15)
 Temple: D:4-7

Altars:
Ashenzari
Gozag
Qazlal
Sif Muna
Vehumet
Xom
Yredelemnul

Shops:
D:4 [

Annotations:
D:6 3 runed translucent doors, Maggie; buhh's ghost, novice OpTm


Innate Abilities, Weirdness & Mutations

You have a pair of antennae on your head.
You are mostly covered in sharp spines.
A meltable shield of frost defends you. (SH +0)


Message History

Maggie barely misses you.
You barely miss Maggie. You block Maggie's attack.
You hit Maggie but do no damage. Maggie gestures at you while chanting.
The bolt of fire hits you!!
Your condensation shield dissipates!
You hit Maggie.
Maggie is lightly wounded.
Maggie points at you and mumbles some strange words.
The bolt of fire hits you!!
You feel protected. Maggie hits you with a +0 glaive.
* * * LOW HITPOINT WARNING * * *
You fade into invisibility!
Maggie closely misses you.
You strike the helpless Maggie from behind!
You hit Maggie.
Maggie is lightly wounded.
Maggie points at you and mumbles some strange words.
The bolt of fire hits you! You resist.
* * * LOW HITPOINT WARNING * * *
You hit Maggie.
Maggie is moderately wounded.
Maggie barely misses you.
You barely miss Maggie.
Maggie is moderately wounded.
You strike the helpless Maggie from behind!
You hit Maggie but do no damage.
Maggie is moderately wounded.
Maggie hits you with a +0 glaive.
* * * LOW HITPOINT WARNING * * *
You hit Maggie.
Maggie is moderately wounded.
Maggie gestures at you while chanting. The bolt of fire misses you.
You catch the helpless Maggie completely off-guard!
You slash Maggie!
Maggie is heavily wounded.
Maggie hits you with a +0 glaive!
You die...

...#
...####################
.....................>#
...####......########.#
...# #......# #.#
#######......# #.#
#..........# ######.#
#.########.# #......#
#.......<#.# #@######
############.# #@#
.[...........###.#
...............#.#
##############.#.#
#...#<..#.#.#
#.#.#.#.#.#.# #.#.#.#
#.#.# ######.#.###.#.#


You could see Maggie (unable to see you).

Vanquished Creatures
  The ghost of mcwallace the Charlatan, a novice DsAr (D:5)
  Grinder (D:3)
  Menkaure (D:5)
  A black bear (D:5)
  2 ice beasts
  3 ogres
  A centaur (D:6)
  A kobold brigand (D:6)
  Blork the orc (D:4)
  A gnoll sergeant (D:3)
  A necrophage (D:5)
  2 scorpions (D:5)
  A howler monkey (D:5)
  3 hounds
  3 bullfrog zombies (D:5)
  A jelly (D:3)
  2 orc priests (D:5)
  A water moccasin simulacrum (D:5)
  A gnoll bouda (D:4)
  Jessica (D:3)
  A scorpion zombie (D:5)
  Ijyb (D:5)
  3 iguanas
  3 orc wizards
  A bullfrog simulacrum (D:5)
  A hound zombie (D:5)
  3 scorpion simulacra (D:5)
  An adder (D:2)
  4 gnolls (D:4)
  A hound simulacrum (D:5)
  A white imp (D:5)
  An ufetubus (D:5)
  An adder zombie (D:5)
  2 dart slugs
  15 orcs
  10 bats
  5 endoplasms
  3 giant cockroaches
  11 goblins
  8 hobgoblins
  12 kobolds
  6 quokkas
  14 ball pythons
  3 frilled lizards
  11 rats
151 creatures vanquished.

Notes
Turn   | Place    | Note
-------+----------+-------------------------------------------
     0 | D:1      | IdlyInterested the Demonspawn Wanderer began the quest for
                  | the Orb.
     0 | D:1      | IdlyInterested set off with the following items: a +1
                  | dagger, an atropa-tipped dart, 2 datura-tipped darts, a
                  | piece from Xom's chessboard (15/15), a scroll of fog, a +0
                  | leather armour.
     0 | D:1      | Reached XP level 1. HP: 16/16 MP: 1/1
   388 | D:1      | Gained mutation: You are partially covered in sharp spines.
                  | [demonic ancestry]
   388 | D:1      | Reached XP level 2. HP: 22/22 MP: 2/2
   641 | D:1      | Found a faded altar of an unknown god.
   922 | D:1      | Reached XP level 3. HP: 23/28 MP: 3/3
  1485 | D:2      | Found a shimmering altar of Xom.
  1788 | D:2      | Reached skill level 1 in Armour
  2247 | D:2      | Gained mutation: A meltable shield of frost defends you.
                  | (SH +0) [demonic ancestry]
  2247 | D:2      | Reached XP level 4. HP: 34/35 MP: 4/4
  2592 | D:3      | Reached skill level 1 in Dodging
  2718 | D:3      | Reached skill level 5 in Stealth
  2860 | D:3      | Noticed Grinder
  2895 | D:3      | Paralysed by Grinder for 2 turns
  2918 | D:3      | Killed Grinder
  2919 | D:3      | Reached skill level 2 in Long Blades
  2919 | D:3      | Gained mutation: You are mostly covered in sharp spines.
                  | [demonic ancestry]
  2919 | D:3      | Reached XP level 5. HP: 37/42 MP: 5/5
  2919 | D:3      | Gained mutation: You have a pair of small antennae on your
                  | head. [demonic ancestry]
  2919 | D:3      | Reached XP level 6. HP: 42/48 MP: 6/6
  3073 | D:3      | Reached skill level 3 in Long Blades
  3078 | D:3      | Noticed Jessica
  3086 | D:3      | Killed Jessica
  3446 | D:3      | Found a shimmering blue altar of Sif Muna.
  3466 | D:3      | Reached skill level 1 in Shields
  4238 | D:4      | Found Qaf Temuo's Antique Armour Boutique.
  4295 | D:4      | Noticed Blork the orc
  4303 | D:4      | Killed Blork the orc
  4304 | D:4      | Reached XP level 7. HP: 53/55 MP: 7/7
  4336 | D:4      | Reached skill level 4 in Long Blades
  5080 | D:5      | Entered Level 5 of the Dungeon
  5321 | D:5      | Noticed Ijyb
  5330 | D:5      | Reached skill level 1 in Throwing
  5334 | D:5      | Reached skill level 5 in Fighting
  5337 | D:5      | Killed Ijyb
  5338 | D:5      | Reached skill level 5 in Long Blades
  5385 | D:5      | Noticed Menkaure
  5396 | D:5      | Killed Menkaure
  5397 | D:5      | Gained mutation: You have a pair of antennae on your head.
                  | [demonic ancestry]
  5397 | D:5      | Reached XP level 8. HP: 16/62 MP: 8/8
  5530 | D:5      | Found a broken altar of Ashenzari.
  5556 | D:5      | Found a radiant altar of Vehumet.
  5724 | D:5      | Found a runed translucent gate.
  5725 | D:5      | Found a runed translucent gate.
  5726 | D:5      | Found a runed translucent gate.
  5865 | D:5      | Found a stormy altar of Qazlal.
  5875 | D:5      | Reached skill level 6 in Long Blades
  5971 | D:5      | Found a basalt altar of Yredelemnul.
  6200 | D:5      | Noticed mcwallace's ghost (novice DsAr)
  6262 | D:5      | Killed mcwallace's ghost
  6263 | D:5      | Reached skill level 7 in Long Blades
  6263 | D:5      | Reached XP level 9. HP: 27/70 MP: 9/9
  7090 | D:6      | Found a runed translucent gate.
  7090 | D:6      | Found a runed translucent gate.
  7090 | D:6      | Found a runed translucent gate.
  7091 | D:6      | Found an opulent altar of Gozag.
  7094 | D:6      | Noticed buhh's ghost (novice OpTm)
  7523 | D:6      | Noticed Maggie
  7539 | D:6      | Mangled by Maggie

Illustrated notes

Levels and vault maps discovered:
D:1:      matt_arrival_grand_opening, layout_loops_corners,
          shapermc_ecumenical_altar_notcrosses
D:2:      minmay_razor_zed, layout_basic, basic_altar
D:3:      layout_loops_ring, kennysheep_orc_sif_temple,
          minmay_randomly_rotated_circles, uniq_grinder, uniq_jessica
D:4:      layout_basic, serial_shops, kennysheep_mini_moat, uniq_blork_the_orc
D:5:      layout_loops_cross, mainiacjoe_overflow_catwalk,
          nicolae_yredelemnul_corpse_copse, nicolae_ashenzari_panopticon,
          nicolae_qazlal_scattered_showers, gammafunk_ghost_icy, uniq_ijyb,
          uniq_menkaure
D:6:      layout_basic, ebering_ghost_gozag, uniq_maggie

Skill      XL: |  1  2  3  4  5  6  7  8 |
---------------+-------------------------+-----
Armour         | 1 |  1.0
Fighting       | 3 4 5 6 |  6.8
Dodging        | 2 4 |  4.0
Stealth        | 5 |  5.0
Long Blades    | 2 3 5 7 |  7.8
Shields        | 1 2 |  2.0
Throwing       | 1 |  1.0
Evocations     | |  3.3

Action                   |  1- 3 |  4- 6 |  7- 9 || total
-------------------------+-------+-------+-------++-------
Melee: Dagger            |    56 |       |       ||    56
       Short sword       |    29 |     6 |     8 ||    43
       Falchion          |       |    93 |    64 ||   157
       Unarmed           |       |    20 |       ||    20
       Punch             |       |       |     2 ||     2
       Long sword        |       |       |   114 ||   114
Throw: Boomerang         |       |       |     3 ||     3
Evoke: Piece from Xom's  |       |     4 |     1 ||     5
       Wand              |       |     1 |       ||     1
  Use: Potion            |     1 |       |     5 ||     6
       Scroll            |       |     9 |     5 ||    14
 Stab: Sleeping          |    16 |    11 |     3 ||    30
       Paralysed         |       |    14 |       ||    14
       Petrified         |       |     8 |       ||     8
       Petrifying        |       |     1 |       ||     1
       Distracted        |       |       |     1 ||     1
       Invisible         |       |       |     3 ||     3
Armor: Leather armour    |    13 |    15 |       ||    28
       Skin              |       |     2 |       ||     2
       Scale mail        |       |     3 |    50 ||    53
       Chain mail        |       |       |     5 ||     5
Dodge: Dodged            |    36 |    34 |    92 ||   162
Block: Other             |       |     8 |    38 ||    46

Table legend: (Time is in decaauts)
 A = Elapsed time spent in this place.
 B = Non-inter-level travel time spent in this place.
 C = Inter-level travel time spent in this place.
 D = Time resting spent in this place.
 E = Time spent auto-exploring this place.
 F = Levels seen in this place.
 G = Mean time per level.
                   A        B        C        D        E       F      G
               +--------+--------+--------+--------+--------+-----+--------+
         Total |   7570 |   6931 |    639 |   1827 |   3649 |   6 | 1261.7 |
       Dungeon |   7570 |   6931 |    639 |   1827 |   3649 |   6 | 1261.7 |
               +--------+--------+--------+--------+--------+-----+--------+

Top non-repeatable levels by time:
     D:5: 1570 daAuts
     D:1: 1480 daAuts
     D:3: 1479 daAuts
     D:2: 1238 daAuts
     D:4: 904 daAuts
     D:6: 896 daAuts
